 Dungeon Crawl Stone Soup version 0.28.0 (webtiles) character file.

Game seed: 8757897949357794195

273 fragbeetle the Slasher (level 6, -1/50 HPs)
             Began as a Palentonga Abyssal Knight on Feb 12, 2022.
             Was a Believer of Lugonu.
             Splashed by a jelly's acid (10 damage)
             ... in a sewer.
             The game lasted 00:05:00 (3511 turns).

fragbeetle the Slasher (Palentonga Abyssal Knight)  Turns: 3511, Time: 00:05:00

Health: -1/50      AC:  1    Str: 19    XL:     6   Next: 3%
Magic:  9/9        EV:  8    Int: 10    God:    Lugonu [**....]
Gold:   127        SH:  0    Dex: 10    Spells: 2/5 levels left

rFire   . . .      SeeInvis +   a - +1 falchion
rCold   . . .      Faith    .   (no shield)
rNeg    . . .      Spirit   .   g - +0 ring mail
rPois   .          Reflect  .   (no helmet)
rElec   .          Harm     .   (no cloak)
rCorr   .          Rampage  .   (no gloves)
Will    .....                   (no barding)
Stlth   ..........              (no amulet)
HPRegen 0.16/turn               (no ring)
MPRegen 0.11/turn               (no ring)

@: corroded
A: large, rugged brown scales 3, see invisible, deformed body, roll 1, armoured
tail
a: Rolling Charge, Renounce Religion, Depart the Abyss, Bend Space


You were in a sewer.
You worshipped Lugonu.
Lugonu was pleased with you.
You visited 1 branch of the dungeon, and saw 3 of its levels.
You visited the Abyss 1 time.
You also visited: Sewer.

You collected 127 gold pieces.

Inventory:

Hand Weapons
 a - a +1 falchion (weapon)
Armour
 g - a +0 ring mail (worn)
Wands
 j - a wand of flame (14)
 l - a wand of paralysis (7)
Scrolls
 b - 2 scrolls of fog {unknown}
 d - 2 scrolls of identify {unknown}
 e - a scroll of enchant armour {unknown}
 h - a scroll of noise {unknown}
 i - a scroll of immolation {unknown}
 n - a scroll of blinking {unknown}
Potions
 c - a potion of curing {unknown}
 f - 2 potions of flight {unknown}
 k - a potion of might {unknown}
 m - 2 potions of invisibility {unknown}
 o - a potion of haste {unknown}


   Skills:
 - Level 3.0 Fighting
 * Level 5.3 Long Blades
 - Level 1.5 Armour
 - Level 0.7 Dodging
 + Level 4.2 Invocations


You had 2 spell levels left.
You knew the following spells:

 Your Spells              Type           Power      Damage    Failure   Level
a - Ozocubu's Armour      Ice            0%         N/A       89%         3

Your spell library contained the following spells:

 Spells                   Type           Power      Damage    Failure   Level
 Freeze                   Ice            0%         1d3       54%         1
 Frozen Ramparts          Ice            0%         1d2       89%         3
 Hailstorm                Conj/Ice       0%         3d3       100%        4
 Ozocubu's Refrigeration  Ice            0%         4d5       100%        7


Dungeon Overview and Level Annotations

Branches:
Dungeon (3/15)              Sewer (1/1)

Altars:
Hepliaklqana


Innate Abilities, Weirdness & Mutations

You are completely covered in rugged brown scales. (AC +3, +7% HP)
You have supernaturally acute eyesight. (SInv)
Armour fits poorly on your strangely shaped body.
You can roll at nearby foes to attack.
You have a long armoured tail.


Message History

Moving in this stuff is going to be slow.
You enter the shallow water.
Moving in this stuff is going to be slow.
You enter the shallow water.
Moving in this stuff is going to be slow.
You enter the shallow water.
Moving in this stuff is going to be slow.
b - 2 scrolls labelled ARIUT UDUMU (gained 1)
o - a fizzy coppery potion A jelly comes into view.
You enter the shallow water.
Moving in this stuff is going to be slow.
A jelly comes into view.
Found a ring mail.
The jelly quivers.
Found a smoky green potion.
The jelly barely misses you.
You barely miss the jelly. The jelly closely misses you.
You slash the jelly!
Your hands burn!
The jelly is severely wounded.
The jelly hits you.
You are splashed with acid!
You hit the jelly.
Your hands burn!
The jelly is severely wounded.
The jelly barely misses you. The jelly hits you but does no damage.
You are too injured to fight recklessly!
You are too injured to fight recklessly!
You hit the jelly.
You kill the jelly!
Lugonu accepts your kill. The jelly hits you. The acid corrodes you!
You are splashed with acid!
* * * LOW HITPOINT WARNING * * *
You have reached level 6!
You slash the jelly!
Your hands burn!
* * * LOW HITPOINT WARNING * * *
You tail-slap the jelly.
The jelly is heavily wounded.
The jelly hits you.
* * * LOW HITPOINT WARNING * * *
You are splashed with acid!
You die...

..)##≈.≈≈≈≈≈.≈##
≈.##.≈≈#≈.≈.≈.≈##
≈##≈†.##≈≈≈##..≈#
≈..≈.##≈..≈.##..##
.≈.≈≈#..≈#≈.##≈.≈##
###..##[##≈≈##..≈.#
#...###...###≈..#
#.....≈≈∩###.≈..#
##≈≈..≈≈## #≈J@##
##.≈#### ##≈≈##
#≈.# #.≈.# #≈≈≈
#≈≈≈## ##≈.≈....≈##
##≈.≈≈..≈ ≈..≈###
..≈. #.[


You could see a jelly.

Vanquished Creatures
  2 jellies (Sewer)
  Natasha (thrice) (D:2)
  4 adders
  2 river rats (Sewer)
  A worm (D:2)
  A dart slug (D:2)
  5 orcs (D:3)
  8 endoplasms
  5 giant cockroaches
  A goblin (D:1)
  3 hobgoblins
  14 jackals
  8 kobolds
  3 quokkas
  4 ball pythons
  7 bats
  5 frilled lizards
  5 rats
81 creatures vanquished.

Notes
Turn   | Place    | Note
-------+----------+-------------------------------------------
     0 | Abyss:1  | fragbeetle the Palentonga Abyssal Knight began the quest
                  | for the Orb.
     0 | Abyss:1  | Reached XP level 1. HP: 19/19 MP: 2/2
    35 | Abyss:1  | Noticed a golden eye
    35 | Abyss:1  | Noticed a golden eye
    36 | D:1      | Escaped the Abyss
   167 | D:1      | Reached * piety under Lugonu
   369 | D:1      | Reached XP level 2. HP: 20/25 MP: 3/3
   821 | D:1      | Reached skill level 3 in Long Blades
  1075 | D:1      | Reached XP level 3. HP: 31/31 MP: 4/4
  1369 | D:1      | Reached ** piety under Lugonu
  1969 | D:2      | Reached XP level 4. HP: 30/37 MP: 6/6
  2244 | D:2      | Found a hazy altar of Hepliaklqana.
  2306 | D:2      | Reached skill level 4 in Long Blades
  2403 | D:2      | Noticed Natasha
  2413 | D:2      | Killed Natasha
  2460 | D:2      | Noticed Natasha
  2466 | D:2      | Killed Natasha
  2467 | D:2      | Reached XP level 5. HP: 29/43 MP: 7/7
  2471 | D:2      | Noticed Natasha
  2478 | D:2      | Killed Natasha
  2873 | D:3      | Learned a level 3 spell: Ozocubu's Armour
  3020 | D:3      | Found a glowing drain.
  3054 | Sewer    | Entered a sewer
  3242 | Sewer    | Reached skill level 5 in Long Blades
  3511 | Sewer    | Reached XP level 6. HP: 14/50 MP: 9/9
  3511 | Sewer    | Splashed by a jelly's acid

Illustrated notes

Levels and vault maps discovered:
D:1:      dpeg_arrival_shelter, layout_basic
D:2:      layout_loops_cross, basic_altar, uniq_natasha
D:3:      layout_loops_corners, ebering_ecumenical_altar_rust,
          portal_sewer_entry_f, cheibrodos_gnoll_hut
Sewer:    sewer_hellmonk_slimy_pipes

Skill      XL: |  1  2  3  4  5 |
---------------+----------------+-----
Long Blades    | 3 4 5 |  5.3
Invocations    | 3 4 |  4.2
Fighting       | |  3.0
Armour         | |  1.5
Dodging        | |  0.7

Action                   |  1- 3 |  4- 6 || total
-------------------------+-------+-------++-------
Melee: Falchion          |   119 |   127 ||   246
       Tailslap          |     8 |    16 ||    24
       Punch             |     2 |       ||     2
Invok: Depart the Abyss  |     1 |       ||     1
 Abil: Rolling Charge    |       |     1 ||     1
Armor: Leather armour    |    51 |       ||    51
       Ring mail         |    13 |    72 ||    85
Dodge: Dodged            |    76 |    62 ||   138
